 Dungeon Crawl Stone Soup version 0.30-a0-760-g5a9884bb7c (webtiles) character file.

Game seed: 3061569472207821342

15642 Drevant2 the Severer (level 12, -2/100 HPs)
             Began as a Pale Draconian Wanderer on Feb 11, 2023.
             Was a High Priest of Okawaru.
             Slain by a sixfirhy (12 damage)
             ... summoned by a kobold demonologist
             ... on level 9 of the Dungeon.
             The game lasted 00:36:32 (13875 turns).

Drevant2 the Severer (Pale Draconian Wanderer)     Turns: 13875, Time: 00:36:32

Health: -2/100     AC: 13    Str: 22    XL:     12   Next: 3%
Magic:  16/16      EV: 13    Int:  9    God:    Okawaru [*****.]
Gold:   162        SH:  0    Dex: 18    Spells: 11/11 levels left

rFire   + . .      SeeInvis .    T - +0 battleaxe (drain)
rCold   . . .      Faith    .    (shield currently unavailable)
rNeg    . . .      Spirit   .    (body armour unavailable)
rPois   .          Reflect  .    o - +2 hat
rElec   .          Harm     .    m - +0 cloak
rCorr   .          Rampage  .    (no gloves)
Will    .....                    r - +1 pair of boots {Stlth+}
Stlth   ++++                     (no amulet)
HPRegen 0.36/turn                n - +6 ring of strength
MPRegen 0.15/turn                x - ring of protection from fire

@: slowed, very slow
A: breathe steam, AC +8, unfitting armour, cold-blooded, steam resistance
a: Breathe Steam, Renounce Religion, Heroism, Finesse, Duel


You were on level 9 of the Dungeon.
You worshipped Okawaru.
Okawaru was extremely pleased with you.
You visited 2 branches of the dungeon, and saw 11 of its levels.
You also visited: Bailey.

You collected 471 gold pieces.
You spent 309 gold pieces at shops.

Inventory:

Hand Weapons
 a - a +0 dagger
 d - a +0 short sword
 j - a +2 hand axe of draining
 J - a +0 broad axe
 T - a +0 battleaxe of draining (weapon)
Missiles
 b - an atropa-tipped dart
 c - a datura-tipped dart (quivered)
 y - 48 poisoned darts
 R - a curare-tipped dart
Armour
 m - a +0 cloak (worn)
 o - a +2 hat (worn)
 r - a +1 pair of boots of stealth (worn)
 t - +0 acid dragon scales
 W - a +1 pair of boots
Jewellery
 i - an amulet of magic regeneration
 n - a +6 ring of strength (left hand)
 x - a ring of protection from fire (right hand)
 G - a +6 ring of dexterity
 M - a ring of protection from fire
 N - an amulet of reflection
 X - a ring of positive energy
Wands
 z - a wand of light (33)
 P - a wand of roots (6)
 S - a wand of flame (29)
Scrolls
 e - 2 scrolls of teleportation
 f - a scroll of silence
 q - a scroll of butterflies {unknown}
 v - 3 scrolls of enchant armour {unknown}
 A - a scroll of poison {unknown}
 B - 3 scrolls of immolation {unknown}
 C - 2 scrolls of vulnerability {unknown}
 E - 2 scrolls of fog {unknown}
 F - a scroll of noise {unknown}
 H - 3 scrolls of fear {unknown}
 I - a scroll of blinking {unknown}
 L - a scroll of magic mapping {unknown}
 U - a scroll of brand weapon
 V - a scroll of identify
Potions
 g - a potion of might
 k - 2 potions of magic
 l - 2 potions of lignification
 p - a potion of resistance
 s - 5 potions of attraction
 u - a potion of haste
 w - 4 potions of brilliance
 D - 2 potions of flight
 K - a potion of invisibility {unknown}


   Skills:
 - Level 7.1 Fighting
 - Level 2.3 Short Blades
 - Level 16.0 Axes
 - Level 3.6 Dodging
 - Level 4.5 Stealth
 * Level 5.7 Invocations
 - Level 3.9 Evocations


You had 11 spell levels left.
You didn't know any spells.
Your spell library contained the following spells:

 Spells                   Type           Power      Damage    Failure   Level
 Beastly Appendage        Tmut           0%         N/A       38%         1
 Sandblast                Erth           0%         2d4       38%         1
 Ensorcelled Hibernation  Hex/Ice        0%         N/A       52%         2
 Passwall                 Tmut/Erth      0%         N/A       52%         2
 Wereblood                Tmut           0%         N/A       52%         2
 Frozen Ramparts          Ice            0%         1d1       77%         3
 Spider Form              Tmut/Pois      0%         N/A       77%         3
 Stone Arrow              Conj/Erth      0%         3d7       77%         3
 Swiftness                Air            0%         N/A       77%         3
 Ice Form                 Ice/Tmut       0%         N/A       99%         4
 Summon Ice Beast         Ice/Summ       Unusable   N/A       N/A         4

Dungeon Overview and Level Annotations

Branches:
Dungeon (10/15)            Temple (1/1) D:4          Bailey (visited)
   Lair: D:8-11         Orc: D:9-12

Altars:
Ashenzari
Cheibriados
Dithmenos
Elyvilon
Fedhas
Gozag
Hepliaklqana
Kikubaaqudgha
Makhleb
Nemelex Xobeh
Okawaru
Qazlal
Ru
Sif Muna
Trog
Uskayaw
Vehumet
Wu Jian
Xom
Yredelemnul
Zin
The Shining One

Shops:
D:3 **?(   D:5 (

Annotations:
D:3 Grinder
D:6 Maggie
D:7 2 transporters, Joseph
D:8 1 transporter


Innate Abilities, Weirdness & Mutations

You can breathe blasts of scalding, opaque steam.
Your pale cyan-grey scales are hard. (AC +8)
You cannot fit into any form of body armour.
You are cold-blooded and may be slowed by cold attacks.
You are immune to the effects of steam.


Message History

You see here the +1 war axe of Disintegration {freeze, Fly rPois}.
You hit the water moccasin but do no damage.
You feel very sick. The water moccasin closely misses you.
The water moccasin barely misses you.
The kobold demonologist mumbles some strange words.
You slash the water moccasin! You drain the water moccasin.
The water moccasin is severely wounded.
You feel very sick. The water moccasin bites you.
* * * LOW HITPOINT WARNING * * *
The water moccasin bites you.
* * * LOW HITPOINT WARNING * * *
You slash the water moccasin!
You kill the water moccasin!
Okawaru accepts your kill.
You feel sick.
You slash the kobold demonologist!
The kobold demonologist is moderately wounded.
You feel sick.
The kobold demonologist gestures wildly while chanting.
You completely miss the kobold demonologist.
You tail-slap the kobold demonologist, but do no damage.
The kobold demonologist is moderately wounded.
You hit the sixfirhy but do no damage.
You feel sick. The sixfirhy hits you.
* * * LOW HITPOINT WARNING * * *
The sixfirhy shocks you!
* * * LOW HITPOINT WARNING * * *
The sixfirhy hits you but does no damage.
The sixfirhy closely misses you.
The kobold demonologist closely misses you.
The sixfirhy hits you.
* * * LOW HITPOINT WARNING * * *
The sixfirhy shocks you!
* * * LOW HITPOINT WARNING * * *
Unknown command.
You feel better. The sixfirhy closely misses you.
The sixfirhy completely misses you. The sixfirhy hits you.
* * * LOW HITPOINT WARNING * * *
The sixfirhy shocks you!
You die...

#.#.....### #.######## ##.#
#.#.###.# #.# #.# #.#.###.# #.#
#.# #.......# #.##### ##+# #
###.##### #.....# ##...
######.##### #####.# ##....
.#.........# ##.#.# ##.....
...#######.#########....###......
...# #...53K@3...............
...# #.########..............
.#.# #.# #.#.#.###...... ##.# #.#
##.###.# #<#.... ##.# #.#
#......# #.##... #.#######.#
#..##### #.###+# #.........#
#..#######.# #.# ########.##
#..........# #.# ## #.#
##.############.#


You could see a kobold demonologist (poisoned, slow), a sixfirhy (summoned), a
smoke demon (summoned) and a quasit (summoned).

Vanquished Creatures
  A two-headed ogre (D:9)
  A kobold demonologist (D:9)
  Sigmund (D:2)
  14 yaks
  A shadow (D:10)
  4 wyverns
  Edmund (D:6)
  3 steam dragons
  Menkaure (D:7)
  6 water moccasins
  An acid dragon (D:9)
  7 orc warriors
  An ice beast (D:6)
  A black bear (D:6)
  An ogre (D:6)
  2 phantoms (D:6)
  5 centaurs
  4 kobold brigands
  3 bullfrogs
  A scorpion (D:4)
  A necrophage (D:4)
  2 howler monkeys
  4 jellies
  3 hounds
  Crazy Yiuf (D:3)
  6 orc priests
  A gnoll bouda (D:8)
  5 iguanas
  Ijyb (D:5)
  Natasha (thrice) (D:2)
  9 orc wizards
  12 gnolls
  8 adders
  A white imp (D:6)
  2 ufetubi
  A dart slug (D:1)
  24 orcs
  2 endoplasms
  2 giant cockroaches
  5 goblins
  8 hobgoblins
  30 kobolds
  5 quokkas (D:1)
  7 ball pythons
  2 frilled lizards
  7 rats
211 creatures vanquished.

Vanquished Creatures (others)
  11 plants (D:10)
11 creatures vanquished.

Grand Total: 222 creatures vanquished

Notes
Turn   | Place    | Note
-------+----------+-------------------------------------------
     0 | D:1      | Drevant2 the Draconian Wanderer began the quest for the
                  | Orb.
     0 | D:1      | Drevant2 set off with the following items: a +0 dagger, an
                  | atropa-tipped dart, a datura-tipped dart, a +0 short sword,
                  | a scroll of teleportation, a scroll of silence.
     0 | D:1      | Reached XP level 1. HP: 17/17 MP: 1/1
   190 | D:1      | Reached XP level 2. HP: 20/25 MP: 2/2
   900 | D:1      | Reached XP level 3. HP: 31/31 MP: 3/3
  1134 | D:2      | Noticed Sigmund
  1335 | D:3      | Found Wejyss's General Store.
  1336 | D:3      | Noticed an orc warrior
  1449 | D:3      | Found Gusilih's Weapon Boutique.
  1594 | D:2      | Noticed Natasha
  1654 | D:3      | Found Uthruk's Assorted Antiques.
  1750 | D:3      | Found a faded altar of an unknown god.
  1750 | D:3      | Noticed an orange demon
  1937 | D:3      | Bought a scroll of enchant weapon for 82 gold pieces
  2096 | D:4      | Reached skill level 1 in Axes
  2096 | D:4      | Reached XP level 4. HP: 38/38 MP: 4/4
  2233 | D:4      | Noticed a scorpion
  2267 | D:4      | Found a staircase to the Ecumenical Temple.
  2282 | D:4      | Noticed a necrophage
  2439 | D:2      | Reached skill level 2 in Axes
  2803 | D:2      | Killed Natasha
  2804 | D:2      | Reached XP level 5. HP: 28/45 MP: 5/5
  3170 | D:2      | Noticed Natasha
  3176 | D:2      | Killed Natasha
  3431 | D:3      | Found Movaeph's Magic Scroll Shoppe.
  3447 | D:3      | Bought a scroll of identify for 26 gold pieces
  3475 | D:3      | Noticed Grinder
  3533 | D:3      | Found a runed translucent door.
  3534 | D:3      | Noticed Crazy Yiuf
  3677 | Temple   | Entered the Ecumenical Temple
  3687 | Temple   | Became a worshipper of Warmaster Okawaru
  3750 | D:4      | Reached skill level 3 in Axes
  3750 | D:4      | Reached skill level 1 in Invocations
  4006 | D:4      | Found a sacrificial altar of Ru.
  4009 | D:4      | Found a blossoming altar of Fedhas.
  4009 | D:4      | Found a snail-covered altar of Cheibriados.
  4011 | D:4      | Found an ancient bone altar of Kikubaaqudgha.
  4011 | D:4      | Found a shimmering blue altar of Sif Muna.
  4028 | D:4      | Reached XP level 6. HP: 47/51 MP: 7/7
  4137 | D:4      | Reached skill level 4 in Axes
  4348 | D:5      | Entered Level 5 of the Dungeon
  4444 | D:5      | Found Ceteoti's Antique Weapon Shoppe.
  4464 | D:5      | Reached * piety under Okawaru
  4499 | D:5      | Noticed Ijyb
  5013 | D:6      | Noticed Edmund
  5099 | D:6      | Noticed an ice beast
  5099 | D:6      | Noticed Maggie
  5284 | D:5      | Reached skill level 5 in Axes
  5284 | D:5      | Your scales start taking on a pale cyan-grey colour.
  5284 | D:5      | Reached XP level 7. HP: 50/57 MP: 9/9
  5284 | D:5      | Gained mutation: You are immune to the effects of steam.
                  | [Pale Draconian growth]
  5358 | D:5      | Killed Ijyb
  5834 | D:3      | Killed Crazy Yiuf
  6275 | D:3      | Reached skill level 6 in Axes
  6521 | D:2      | Noticed Natasha
  6532 | D:2      | Killed Natasha
  6607 | D:2      | Killed Sigmund
  6608 | D:2      | Reached skill level 1 in Dodging
  6913 | D:6      | Reached XP level 8. HP: 59/63 MP: 10/10
  6993 | D:6      | Reached skill level 7 in Axes
  7620 | D:6      | Reached ** piety under Okawaru
  7709 | D:6      | Killed Edmund
  7710 | D:6      | Reached skill level 8 in Axes
  8277 | D:6      | Reached *** piety under Okawaru
  8278 | D:6      | Reached skill level 9 in Axes
  8278 | D:6      | Reached XP level 9. HP: 56/71 MP: 11/11
  8818 | D:7      | Noticed Menkaure
  8823 | D:7      | Noticed a cyclops
  8824 | D:7      | Found a transporter.
  8845 | D:7      | Reached skill level 5 in Fighting
  9097 | D:7      | Found a flagged portal.
  9112 | Bailey   | Entered a bailey
  9131 | Bailey   | Noticed an orc warlord
  9476 | Bailey   | Reached skill level 10 in Axes
  9521 | Bailey   | Found a runed translucent gate.
  9529 | Bailey   | Found a runed translucent gate.
  9531 | Bailey   | Found a runed translucent gate.
 10014 | D:7      | Killed Menkaure
 10221 | D:7      | Noticed Joseph
 10231 | D:8      | You fall into a shaft and drop 1 floor!
 10431 | D:8      | Reached **** piety under Okawaru
 10449 | D:8      | Reached skill level 11 in Axes
 10449 | D:8      | Reached XP level 10. HP: 69/86 MP: 12/12
 11392 | D:8      | Reached skill level 12 in Axes
 11451 | D:8      | Found a transporter.
 12007 | D:3      | Bought a scroll of brand weapon for 123 gold pieces
 12007 | D:3      | Bought a scroll of identify for 26 gold pieces
 12007 | D:3      | Bought 2 scrolls of identify for 52 gold pieces
 12473 | D:7      | Found a transporter.
 12614 | D:9      | Reached ***** piety under Okawaru
 12827 | D:9      | Noticed a two-headed ogre
 12840 | D:9      | Killed a two-headed ogre
 12841 | D:9      | Reached skill level 13 in Axes
 13489 | D:10     | Entered Level 10 of the Dungeon
 13725 | D:9      | Reached skill level 16 in Axes
 13725 | D:9      | Reached XP level 11. HP: 92/92 MP: 13/13
 13738 | D:9      | Reached skill level 5 in Invocations
 13741 | D:9      | Reached XP level 12. HP: 57/100 MP: 14/16
 13870 | D:9      | Identified the +1 war axe of Disintegration {freeze, Fly
                  | rPois} (Okawaru gifted it to you on level 9 of the Dungeon)
 13870 | D:9      | Received a gift from Okawaru
 13874 | D:9      | HP: 1/100 [sixfirhy[a kobold demonologist] (10)]
 13875 | D:9      | Slain by a sixfirhy

Illustrated notes

Levels and vault maps discovered:
D:1:      dpeg_arrival_long_road, layout_loops_corners, minmay_misc_feat_plants,
          minmay_tetromino_l2
D:2:      layout_basic, uniq_natasha, uniq_sigmund
D:3:      layout_loops_corners, dreamdust_ecumenical_altar_sealed_demon,
          serial_shops, nicolae_shop_trees, shop,
          nicolae_shop_bloodbath_and_beyond, nicolae_shop_waterfront, hex_tiny,
          minmay_misc_feat_enclosed, minmay_misc_feat_rows, uniq_grinder,
          uniq_crazy_yiuf_cottage
D:4:      layout_gridville, grunt_temple_overflow_open, temple_statues,
          nicolae_half_adder
D:5:      layout_basic, serial_shops, shop, uniq_ijyb
D:6:      layout_rooms, grunt_ministairs_4, sigmund_army, uniq_maggie,
          uniq_edmund
D:7:      gammafunk_beogh_shrine, layout_basic, enter_bailey_6, uniq_joseph,
          uniq_menkaure
D:8:      layout_basic, st_stairs_14, kennysheep_big_empty_room,
          nicolae_diode_basic
D:9:      layout_loops_corners
D:10:     layout_stronghold, minmay_lair_entry_grove, hive_lemuel
Temple:   sentei_temple_godly_chess

Skill      XL: |  1  2  3  4  5  6  7  8  9 10 11 |
---------------+----------------------------------+-----
Fighting       | 3 4 7 |  7.1
Evocations     | 2 3 |  3.9
Axes           | 1 2 3 5 6 9 11 16 | 16.0
Invocations    | 1 3 5 |  5.7
Dodging        | 1 3 |  3.6
Short Blades   | |  2.3
Stealth        | |  4.5

Action                     |  1- 3 |  4- 6 |  7- 9 | 10-12 || total
---------------------------+-------+-------+-------+-------++-------
  Melee: Dagger            |    65 |       |       |       ||    65
         Tailslap          |    15 |    10 |    46 |    29 ||   100
         Hand axe          |    27 |   122 |   346 |   106 ||   601
         Punch             |     1 |       |     7 |     3 ||    11
         Battleaxe         |       |       |       |    93 ||    93
  Throw: Dart              |       |     2 |     1 |     1 ||     4
         Throwing net      |       |     1 |       |       ||     1
Ability: Breathe Steam     |       |       |     7 |     1 ||     8
    Use: Scroll            |     1 |     7 |     5 |     4 ||    17
         Potion            |       |     1 |     2 |     4 ||     7
   Stab: Sleeping          |     9 |    12 |     6 |     4 ||    31
         Distracted        |       |       |     1 |       ||     1
 Armour: Skin              |    30 |    82 |    98 |    80 ||   290
  Dodge: Dodged            |    29 |    68 |   181 |   146 ||   424

Table legend: (Time is in decaauts)
 A = Elapsed time spent in this place.
 B = Non-inter-level travel time spent in this place.
 C = Inter-level travel time spent in this place.
 D = Time resting spent in this place.
 E = Time spent auto-exploring this place.
 F = Levels seen in this place.
 G = Mean time per level.
                   A        B        C        D        E       F      G
               +--------+--------+--------+--------+--------+-----+--------+
         Total |  13875 |   7830 |   6045 |   2456 |   2911 |  12 | 1156.2 |
       Dungeon |  13006 |   6972 |   6034 |   2189 |   2911 |  10 | 1300.6 |
        Temple |     14 |      3 |     11 |      0 |      0 |   1 |   14.0 |
        Bailey |    854 |    854 |      0 |    267 |      0 |   1 |  854.0 |
               +--------+--------+--------+--------+--------+-----+--------+

Top non-repeatable levels by time:
     D:5: 1830 daAuts
     D:3: 1729 daAuts
     D:2: 1592 daAuts
     D:9: 1430 daAuts
     D:6: 1425 daAuts
     D:8: 1320 daAuts
     D:4: 1260 daAuts
     D:7: 1211 daAuts
     D:1: 1115 daAuts
  Bailey: 854 daAuts
    D:10: 89 daAuts
  Temple: 14 daAuts
